 Dungeon Crawl Stone Soup version 0.28.0-53-g5a82cb258f (webtiles) character file.

Game seed: 13823911139787767100

62 cbfl8 the Chopper (level 3, -8/49 HPs)
             Began as a Minotaur Berserker on July 26, 2022.
             Was a Believer of Trog.
             Mangled by a gnoll
             ... wielding a +2 halberd of flaming
              (14 damage)
             ... on level 2 of the Dungeon.
             The game lasted 00:01:35 (1441 turns).

cbfl8 the Chopper (Minotaur Berserker)              Turns: 1441, Time: 00:01:36

Health: -8/49      AC:  3    Str: 21    XL:     3   Next: 85%
Magic:  2/2        EV: 12    Int:  4    God:    Trog [**....]
Gold:   51         SH:  0    Dex: 11    Spells: 2/2 levels left

rFire   . . .      SeeInvis .   a - +0 hand axe
rCold   . . .      Faith    .   (no shield)
rNeg    . . .      Spirit   .   b - +0 animal skin
rPois   .          Reflect  .   (helmet restricted)
rElec   .          Harm     .   (no cloak)
rCorr   +          Rampage  .   (no gloves)
Will    .....                   i - +0 pair of boots
Stlth   ..........              (no amulet)
HPRegen 0.16/turn               e - ring of resist corrosion
MPRegen 0.08/turn               (no ring)

@: berserking, lethally poisoned (-8 -> -10), very quick
A: horns 2, retaliatory headbutt
a: Renounce Religion, Berserk, Trog's Hand


You were on level 2 of the Dungeon.
You worshipped Trog.
Trog was pleased with you.
You visited 1 branch of the dungeon, and saw 2 of its levels.

You collected 51 gold pieces.

Inventory:

Hand Weapons
 a - a +0 hand axe (weapon)
Armour
 b - a +0 animal skin (worn)
 i - a +0 pair of boots (worn)
Jewellery
 e - a ring of resist corrosion (left hand)
Scrolls
 c - a scroll of noise {unknown}
 g - a scroll of enchant weapon {unknown}
Potions
 d - a potion of curing {unknown}
 f - 2 potions of haste {unknown}
 h - a potion of heal wounds {unknown}
 j - a potion of mutation {unknown}
 k - a potion of degeneration {unknown}


   Skills:
 * Level 4.2 Fighting
 + Level 4.6 Axes
 + Level 2.8 Armour
 * Level 2.7 Dodging
 * Level 0.6 Stealth


You had 2 spell levels left.
You didn't know any spells.
Your spell library was empty.

Dungeon Overview and Level Annotations

Branches:
Dungeon (2/15)

Altars:


Innate Abilities, Weirdness & Mutations

You have a pair of horns on your head.
You reflexively headbutt those who attack you in melee.


Message History

The gnoll barely misses you.
Things that are here:
a hobgoblin corpse; a ball python corpse A red film seems to cover your vision as you go berserk!
You feel yourself moving faster!
You feel mighty! The gnoll closely misses you.
The gnoll hits you with a +1 spear of venom.
You are poisoned.
The gnoll hits you from afar with a +2 halberd of flaming.
The gnoll burns you.
You are too injured to fight recklessly!
You are too injured to fight recklessly!
You barely miss the gnoll.
You feel sick. The gnoll closely misses you. x2
You hit the gnoll.
The gnoll is moderately wounded.
You feel sick. The gnoll barely misses you. The gnoll closely misses you. x2
You hit the gnoll. You headbutt the gnoll!
You kill the gnoll!
Trog accepts your kill.
You feel sick. The gnoll closely misses you. The gnoll misses you.
You feel sick. The gnoll barely misses you.
Things that are here:
a +1 spear of venom; a gnoll corpse You hit the gnoll.
The gnoll is heavily wounded.
You hit the gnoll. x2; The gnoll barely misses you.
You furiously retaliate!
You headbutt the gnoll!
You feel the power of Trog in you as your rage grows.
You kill the gnoll!
Trog accepts your kill. The gnoll barely misses you.
You barely miss the gnoll.
The gnoll is heavily wounded.
You closely miss the gnoll.
You feel sick. The gnoll closely misses you.
The gnoll hits you with a +0 spear!
* * * LOW HITPOINT WARNING * * *
You barely miss the gnoll.
The gnoll is heavily wounded.
You hit the gnoll.
You feel sick.
The gnoll hits you with a +2 halberd of flaming!
You die...

#..........####...#####
#...###########.#^.....
#....# #......÷...###
#....# #..........#
####.## #..........###
#..# #.............
##.# #..........###
#†###############
#.@)...... #.gg......
##........ #........
#........ #########


You could see 2 gnolls.

Vanquished Creatures
  2 gnolls (D:2)
  A worm (D:2)
  2 dart slugs
  2 endoplasms (D:2)
  5 giant cockroaches
  5 hobgoblins
  3 jackals (D:1)
  2 quokkas (D:2)
  3 ball pythons
  2 bats (D:2)
  A frilled lizard (D:1)
  A goblin (D:1)
  3 kobolds (D:1)
  2 rats (D:2)
34 creatures vanquished.

Notes
Turn   | Place    | Note
-------+----------+-------------------------------------------
     0 | D:1      | cbfl8 the Minotaur Berserker began the quest for the Orb.
     0 | D:1      | Reached XP level 1. HP: 19/19 MP: 0/0
   233 | D:1      | Found a faded altar of an unknown god.
   374 | D:1      | Reached XP level 2. HP: 24/27 MP: 1/1
  1103 | D:2      | Reached XP level 3. HP: 31/33 MP: 2/2
  1187 | D:2      | Reached ** piety under Trog
  1441 | D:2      | Mangled by a gnoll

Illustrated notes

Levels and vault maps discovered:
D:1:      shiori_arrival_oz, layout_basic, hellmonk_ecumenical_altar_lost_god,
          minmay_hedge_maze
D:2:      layout_rooms

Skill      XL: |  1  2 |
---------------+-------+-----
Axes           | 4 |  4.6
Fighting       | 4 |  4.2
Armour         | |  2.8
Dodging        | |  2.7
Stealth        | |  0.6

Action                   || total
-------------------------++-------
Melee: Hand axe          ||    75
       Headbutt          ||     9
       Punch             ||     3
Invok: Berserk           ||     1
 Stab: Sleeping          ||     1
Armor: Animal skin       ||    22
Dodge: Dodged            ||    60
